 Dungeon Crawl Stone Soup version 0.29.0-7-g18a832c13a (webtiles) character file.

Game seed: 17122563769745273091

15299 apoch the Cleaver (level 12, -5/110 HPs)
             Began as a Minotaur Fighter on Aug 30, 2022.
             Was a High Priest of Elyvilon.
             Slain by a death knight
             ... wielding a +4 battleaxe
              (27 damage)
             ... on level 10 of the Dungeon.
             The game lasted 00:32:33 (17115 turns).

apoch the Cleaver (Minotaur Fighter)               Turns: 17115, Time: 00:32:33

Health: -5/110     AC: 15    Str: 25    XL:     12   Next: 0%
Magic:  18/19      EV: 10    Int:  5    God:    Elyvilon [*****.]
Gold:   593        SH:  4    Dex: 11    Spells: 11/11 levels left

rFire   . . .      SeeInvis .   U - +3 war axe
rCold   . . .      Faith    .   c - +0 buckler
rNeg    . . .      Spirit   .   A - +0 chain mail
rPois   .          Reflect  .   (helmet restricted)
rElec   .          Harm     .   w - +1 cloak
rCorr   .          Rampage  .   H - +0 pair of gloves
Will    .....                   (no boots)
Stlth   ..........              (no amulet)
HPRegen 0.28/turn               (no ring)
MPRegen 0.16/turn               (no ring)

@: no status effects
A: horns 2, retaliatory headbutt
a: Renounce Religion, Purification, Heal Other, Heal Self, Divine Vigour


You were on level 10 of the Dungeon.
You worshipped Elyvilon.
Elyvilon was extremely pleased with you.
You visited 1 branch of the dungeon, and saw 11 of its levels.
You also visited: Ossuary.

You collected 668 gold pieces.
You spent 75 gold pieces at shops.

Inventory:

Hand Weapons
 a - a +1 war axe
 b - a +0 morningstar
 l - a +0 flail
 p - the +8 rapier of Grandeur {flame, Str+3}
   (You found it on level 2 of the Dungeon)

   It burns those it strikes, dealing additional fire damage.
   Str:       It affects your strength (+3).
 t - a +0 battleaxe
 G - the +12 falchion "Nuhirch" {venom, rPois rF+++ Will- Int-5}
   (You found it on level 7 of the Dungeon)

   It poisons the flesh of those it strikes.
   Int:       It affects your intelligence (-5).
   rF:        It renders you almost immune to fire.
   rPois:     It protects you from poison.
   Will:      It decreases your willpower.
 I - a +0 dire flail
 L - a +2 scimitar of flaming
 U - a +3 war axe (weapon)
Missiles
 g - 34 poisoned darts
 B - 14 boomerangs (quivered)
 D - 47 stones
Armour
 c - a +0 buckler (worn)
 w - a +1 cloak (worn)
 A - a +0 chain mail (worn)
 H - a +0 pair of gloves (worn)
Jewellery
 T - a ring of flight
Wands
 k - a wand of digging (7)
 r - a wand of iceblast (8)
 C - a wand of quicksilver (4)
 N - a wand of flame (18)
 R - a wand of mindburst (3)
Scrolls
 e - 4 scrolls of magic mapping
 j - a scroll of poison
 u - 4 scrolls of identify
 x - 2 scrolls of enchant armour {unknown}
 y - a scroll of enchant weapon
 F - 3 scrolls of teleportation
 J - 2 scrolls of blinking {unknown}
 K - 2 scrolls of vulnerability
 M - 3 scrolls of fear
 Q - a scroll of immolation
 S - a scroll of brand weapon {unknown}
Potions
 d - a potion of might
 f - 2 potions of ambrosia
 h - 3 potions of haste
 i - 3 potions of berserk rage
 m - 5 potions of heal wounds
 n - 5 potions of brilliance
 o - 2 potions of attraction
 q - 3 potions of invisibility
 s - 3 potions of flight
 v - 6 potions of curing
 z - a potion of mutation
 E - 2 potions of resistance
 O - a potion of magic
 P - a potion of degeneration


   Skills:
 + Level 11.0 Fighting
 + Level 12.7 Axes
 - Level 10.0 Armour
 * Level 5.8 Dodging
 - Level 3.6 Shields
 + Level 10.7 Invocations


You had 11 spell levels left.
You didn't know any spells.
Your spell library contained the following spells:

 Spells                   Type           Power      Damage    Failure   Level
 Necrotise                Necr           0%         1d4       98%         1
 Sting                    Tmut/Pois      0%         1d3       98%         1
 Summon Small Mammal      Summ           0%         N/A       98%         1
 Poisonous Vapours        Pois/Air       0%         N/A       99%         2
 Scorch                   Fire           0%         2d5       99%         2
 Call Canine Familiar     Summ           0%         N/A       100%        3
 Confusing Touch          Hex            0%         N/A       100%        3
 Conjure Flame            Conj/Fire      0%         6-21      100%        3
 Gell's Gravitas          Tloc           0%         N/A       100%        3
 Ignite Poison            Fire/Tmut/Pois 0%         N/A       100%        3
 Lesser Beckoning         Tloc           0%         N/A       100%        3
 Summon Guardian Golem    Hex/Summ       0%         N/A       100%        3
 Teleport Other           Tloc           0%         N/A       100%        3
 Vampiric Draining        Necr           0%         2d6       100%        3
 Olgreb's Toxic Radiance  Pois           0%         N/A       100%        4
 Sticky Flame             Conj/Fire      0%         2d3       100%        4
 Agony                    Necr           0%         N/A       100%        5
 Yara's Violent Unravell  Hex/Tmut       0%         3d3       100%        5
 Enfeeble                 Hex            0%         N/A       100%        7
 Ignition                 Fire           0%         3d3       100%        8
 Necromutation            Tmut/Necr      0%         N/A       100%        8


Dungeon Overview and Level Annotations

Branches:
Dungeon (11/15)            Temple (0/1) D:4            Lair (0/5) D:11
Ossuary (visited)
    Orc: D:9-12

Altars:
Ashenzari
Cheibriados
Elyvilon
Fedhas
Kikubaaqudgha
Makhleb
Uskayaw
Zin

Shops:
D:1 *   D:2 (   D:3 ?   D:11 (

Annotations:
D:8 2 transporters
D:10 1 runed translucent door


Innate Abilities, Weirdness & Mutations

You have a pair of horns on your head.
You reflexively headbutt those who attack you in melee.


Message History

The death knight reflects your damage back at you!
* * * LOW HITPOINT WARNING * * *
The death knight barely misses you.
You are healed.
The death knight hits you but does no damage.
You fail to use your ability.
The death knight hits you with a +4 battleaxe!
* * * LOW HITPOINT WARNING * * *
You feel much better.
The death knight calls down the wrath of Yredelemnul upon you.
You struggle to resist.
You slash the death knight!
The death knight is moderately wounded.
The death knight reflects your damage back at you!
The death knight's dark mirror aura disappears.
You slash the death knight!
The death knight is heavily wounded.
The death knight hits you with a +4 battleaxe!!
* * * LOW HITPOINT WARNING * * *
You feel much better. The death knight closely misses you.
You furiously retaliate!
You headbutt the death knight! You hit the death knight.
You headbutt the death knight.
The death knight is almost dead.
The death knight calls down the wrath of Yredelemnul upon you.
You struggle to resist.
You closely miss the death knight.
The death knight is almost dead.
The death knight hits you with a +4 battleaxe!!
* * * LOW HITPOINT WARNING * * *
You hit the death knight but do no damage.
You headbutt the death knight!
The death knight is almost dead.
The death knight closely misses you.
You hit the death knight but do no damage.
The death knight is almost dead.
The death knight closely misses you.
You slash the death knight! Your headbutt misses the death knight.
The death knight is almost dead.
The death knight hits you with a +4 battleaxe!!
You die...

##.## ##.### #..# #....#
###.## #..## ###..###....#
#..## ##..###.....##....#
##.# ##......#......... #.#
#....####........ #.# #...###
##....... ##.###
##.....####...#... #.#..##
#..............##. #####..###
##@#####.........##
#.####...###p.# ###...#.....
##.# #....#..## #...##....
#.####.....### ##..##....
##.# ##......### #..#.....
##.###.........######........
#...........#......#.........
#......#....#####...........#
###....##..## ###.........#


You could see a death knight.

Vanquished Creatures
  A hydra (D:8)
  Erica (D:8)
  3 two-headed ogres
  Amaemon (D:8)
  A cyclops (D:11)
  An orange demon (D:8)
  2 unseen horrors
  4 trolls
  2 shadows (D:9)
  A wyvern (D:9)
  17 yaks (D:10)
  2 wraiths
  A steam dragon (D:7)
  A vampire mosquito (D:5)
  2 wargs (D:11)
  3 water moccasins
  An acid dragon (D:9)
  3 ice beasts
  3 black bears
  6 orc warriors
  A sky beast (D:7)
  An ogre (D:5)
  5 centaurs
  A phantom (D:5)
  3 kobold brigands
  4 elf zombies (Ossuary)
  3 bullfrogs
  2 gnoll sergeants
  A necrophage (D:7)
  2 scorpions
  8 wights
  7 howler monkeys
  6 human zombies (Ossuary)
  2 centaur zombies (Ossuary)
  2 hounds
  5 jellies
  14 orc priests
  6 iguanas
  Natasha (thrice) (D:3)
  5 orc wizards
  3 mummies (Ossuary)
  Robin (D:3)
  4 gnolls (D:7)
  6 adders
  A white imp (D:8)
  3 ufetubi
  6 worms
  30 orcs
  6 endoplasms
  4 giant cockroaches
  11 hobgoblins
  3 quokkas
  12 ball pythons
  6 bats
  3 frilled lizards
  12 goblins
  20 kobolds
  3 rats
271 creatures vanquished.

Vanquished Creatures (others)
  A yak (D:10)
  A kobold (D:8)
2 creatures vanquished.

Grand Total: 273 creatures vanquished

Notes
Turn   | Place    | Note
-------+----------+-------------------------------------------
     0 | D:1      | apoch the Minotaur Fighter began the quest for the Orb.
     0 | D:1      | Reached XP level 1. HP: 19/19 MP: 0/0
    69 | D:1      | Found Leosypekk's General Store.
   230 | D:1      | Reached skill level 3 in Axes
   230 | D:1      | Reached XP level 2. HP: 27/27 MP: 1/1
  1003 | D:2      | Reached XP level 3. HP: 24/33 MP: 2/2
  1191 | D:2      | Got the Anthology of the Changed Blaze
  1211 | D:2      | Found Mualaog's Weapon Emporium.
  1363 | D:2      | Identified the +8 rapier of Grandeur {flame, Str+3}
  1464 | D:2      | Reached skill level 4 in Axes
  1521 | D:1      | Prayed at the altar of an unknown god.
  1521 | D:1      | Became a worshipper of Elyvilon the Healer
  1521 | D:1      | Reached * piety under Elyvilon
  1551 | D:3      | Noticed Robin
  1559 | D:3      | Reached XP level 4. HP: 29/40 MP: 3/3
  1564 | D:3      | Killed Robin
  1978 | D:3      | Noticed Natasha
  1981 | D:3      | Killed Natasha
  1982 | D:3      | Reached XP level 5. HP: 38/47 MP: 4/4
  2080 | D:3      | Found Sopoc's Magic Scroll Shoppe.
  2085 | D:3      | Bought a scroll of magic mapping for 75 gold pieces
  2174 | D:3      | You fall into a shaft and drop 1 floor!
  2319 | D:3      | Reached skill level 5 in Axes
  2357 | D:3      | Reached ** piety under Elyvilon
  2448 | D:3      | Noticed Natasha
  2453 | D:3      | Killed Natasha
  2459 | D:3      | Noticed Natasha
  2469 | D:3      | Killed Natasha
  2898 | D:4      | Reached skill level 5 in Fighting
  2898 | D:4      | Reached skill level 5 in Armour
  3189 | D:4      | Found a staircase to the Ecumenical Temple.
  3446 | D:5      | Entered Level 5 of the Dungeon
  3490 | D:5      | Found a sand-covered staircase.
  3496 | D:5      | Noticed a centaur
  3499 | Ossuary  | Entered an ossuary
  3592 | Ossuary  | Reached XP level 6. HP: 56/56 MP: 5/5
  3622 | Ossuary  | Reached skill level 6 in Axes
  3804 | Ossuary  | Reached XP level 7. HP: 59/62 MP: 6/6
  3820 | Ossuary  | Reached skill level 7 in Axes
  3980 | D:5      | Reached skill level 8 in Axes
  4300 | D:5      | Reached *** piety under Elyvilon
  4565 | D:5      | Reached XP level 8. HP: 46/71 MP: 7/7
  4953 | D:5      | Reached skill level 9 in Axes
  5047 | D:5      | HP: 2/73 [poisoned by a gnoll sergeant]
  5803 | D:6      | Reached skill level 10 in Axes
  6118 | D:6      | Reached XP level 9. HP: 24/81 MP: 8/8
  6594 | D:6      | Reached **** piety under Elyvilon
  6825 | D:7      | Identified the +12 falchion "Nuhirch" {venom, rPois rF+++
                  | Will- Int-5}
  7119 | D:7      | Reached skill level 11 in Axes
  8040 | D:7      | Reached skill level 12 in Axes
  8389 | D:7      | Reached skill level 1 in Invocations
  8840 | D:8      | Found a snail-covered altar of Cheibriados.
  8840 | D:8      | Found a glowing silver altar of Zin.
  9049 | D:7      | Reached XP level 10. HP: 21/91 MP: 10/10
  9348 | D:8      | Noticed a four-headed hydra
  9441 | D:8      | Noticed an orange demon
  9441 | D:8      | Noticed Amaemon
  9463 | D:8      | Killed an orange demon
  9469 | D:8      | Killed Amaemon
  9470 | D:8      | Reached skill level 10 in Fighting
  9552 | D:8      | Noticed Erica
  9775 | D:8      | Killed Erica
  9776 | D:8      | Reached skill level 10 in Armour
  9776 | D:8      | Reached skill level 5 in Invocations
  9954 | D:8      | Found a transporter.
  9959 | D:8      | Found a transporter.
 10037 | D:8      | Killed a four-headed hydra
 10290 | D:8      | Found a transporter.
 10298 | D:8      | Found a transporter.
 10779 | D:9      | Reached ***** piety under Elyvilon
 11647 | D:9      | Noticed a two-headed ogre
 11656 | D:9      | Pacified a two-headed ogre
 11657 | D:9      | Reached XP level 11. HP: 33/99 MP: 13/16
 12301 | D:9      | Found a broken altar of Ashenzari.
 12855 | D:10     | Entered Level 10 of the Dungeon
 13610 | D:10     | Reached skill level 10 in Invocations
 13955 | D:10     | Found a blossoming altar of Fedhas.
 13960 | D:10     | Found a hide-covered altar of Uskayaw.
 13960 | D:10     | Found an ancient bone altar of Kikubaaqudgha.
 13961 | D:10     | Found a white marble altar of Elyvilon.
 14043 | D:10     | Noticed a two-headed ogre
 14089 | D:9      | Killed a two-headed ogre
 14090 | D:9      | Reached skill level 1 in Dodging
 14778 | D:10     | Found a runed translucent door.
 14779 | D:10     | Found a burning altar of Makhleb.
 14779 | D:10     | Noticed a sixfirhy
 15275 | D:11     | Found Owas's Weapon Shoppe.
 15279 | D:11     | Noticed a two-headed ogre
 15290 | D:11     | Killed a two-headed ogre
 15578 | D:11     | Noticed a two-headed ogre
 15592 | D:11     | Killed a two-headed ogre
 15593 | D:11     | Reached skill level 5 in Dodging
 16988 | D:11     | Found a staircase to the Lair.
 17012 | D:11     | Reached XP level 12. HP: 104/110 MP: 19/19
 17095 | D:10     | Noticed a death knight
 17115 | D:10     | Slain by a death knight

Illustrated notes

Levels and vault maps discovered:
D:1:      spicycebolla_arrival_ecumenical, layout_loops_corners, serial_shops,
          shop_statue, minmay_misc_feat_square
D:2:      layout_rooms, serial_shops, shop
D:3:      layout_basic, serial_shops, shop_scrolls,
          nicolae_kite_square_tiling_tiny, st_stairs_7, uniq_robin, uniq_natasha
D:4:      layout_basic, minmay_temple_entry_statues_pillars
D:5:      cheibrodos_barr_body, layout_basic, nicolae_ossuary_entry_ruins,
          chequers_serial_rivers_micro_a
D:6:      layout_basic
D:7:      layout_layer_cave, minivault_22, st_stairs_11
D:8:      layout_rooms, mainiacjoe_overflow_large_starburst,
          nicolae_diode_intersection, uniq_erica, uniq_amaemon
D:9:      layout_layer_cave, ashenzari_conservatory_becter
D:10:     layout_layer_cave, nzn_makhleb_speed_demon,
          chequers_temple_overflow_statue_of_worship
D:11:     layout_loops_ring, erik_lair_orcish_takeover, serial_shops, shop

Skill      XL: |  1  2  3  4  5  6  7  8  9 10 11 |
---------------+----------------------------------+-----
Axes           | 3 4 5 6 8 10 12 | 12.7
Armour         | 4 5 6 7 9 10 | 10.0
Fighting       | 4 5 6 7 9 10 11 | 11.0
Invocations    | 2 8 10 | 10.7
Dodging        | 5 |  5.8
Shields        | |  3.6

Action                   |  1- 3 |  4- 6 |  7- 9 | 10-12 || total
-------------------------+-------+-------+-------+-------++-------
Melee: War axe           |    69 |   133 |   326 |   322 ||   850
       Headbutt          |    12 |    32 |    57 |    64 ||   165
       Rapier            |     8 |       |       |       ||     8
       Morningstar       |       |       |       |     5 ||     5
Throw: Stone             |     7 |     2 |     8 |       ||    17
       Boomerang         |       |       |    13 |    40 ||    53
Invok: Heal Other        |       |       |       |     6 ||     6
       Heal Self         |       |       |       |     4 ||     4
  Use: Scroll            |       |    10 |    11 |     3 ||    24
       Potion            |       |       |     1 |     5 ||     6
Armor: Scale mail        |    44 |    65 |    71 |       ||   180
       Chain mail        |       |       |   118 |   212 ||   330
Dodge: Dodged            |    46 |    46 |   160 |   119 ||   371
Block: Buckler           |    20 |    20 |    81 |    75 ||   196
